Description

https://www.twitch.tv/videos/737280135 https://www.twitch.tv/videos/737316271 https://www.twitch.tv/videos/737346287

VOD

https://www.twitch.tv/videos/737280135

Replay - A.I. 1 (Easy) v HoboWizard - Deathaura LE

Build Order

Get SALT Encoding   

  12  0:00  Probe  
  13  0:12  Probe  
  14  0:18  Pylon  
  14  0:24  Probe  
  15  0:36  Probe  
  15  0:39  Gateway  scout and go to proxy location to build pylon
  16  0:48  Probe  
  17  0:51  Assimilator  
  17  1:00  Probe  
  17  1:03  Assimilator  
  18  1:14  Gateway  
  18  1:18  Probe  
  19  1:28  Cybernetics Core  
  19  1:30  Probe  
  20  1:42  Probe  
  20  1:46  Pylon  
  21  1:54  Probe  
  21  1:58  Warp Gate (Chrono Boost)  
  23  2:09  Stalker  
  25  2:18  Stalker  
  27  2:23  Gateway  proxied
  27  2:32  Gateway  
  27  2:39  Stalker  
  29  2:47  Stalker  
  31  3:14  Pylon x2  
  35  3:40  Pylon, Stalker x2  
  35  3:48  Stalker x2  
Spawning Tool Build Advisor. Get it on Overwolf

Go to:

Details

  • Created by: jack2423
  • Published on: Sep 15, 2020
  • Modified on: Jan 26, 2021
  • Patch: 4.11.0
  • Difficulty: Medium
Show
View Real Time Build Order
Export as new Build Order

Comments (0)

There are no comments. Be the first!

Create an account to comment!